 Dungeon Crawl Stone Soup version 0.19.1 (console) character file.

42182 Morrissey the Black Belt (level 13, 0/113 HPs)
             Began as a Pale Draconian Transmuter on Dec 23, 2016.
             Was a High Priest of Ashenzari.
             Slain by an orc warrior
             ... wielding a +0 glaive
              (18 damage)
             ... on level 2 of the Orcish Mines.
             The game lasted 00:54:54 (19487 turns).

Morrissey the Black Belt (DrTm)                    Turns: 19487, Time: 00:54:54

Health: 0/113      AC:  9    Str: 15    XL:     13   Next: 84%
Magic:  14/18      EV: 18    Int: 18    God:    Ashenzari [*****.]
Gold:   1530       SH:  0    Dex: 13    Spells: 5 memorised, 4 levels left

rFire  . . .     SeeInvis +       - Unarmed
rCold  . . .     Gourm    .     (armour unavailable)
rNeg   . . .     Faith    .     (shield currently unavailable)
rPois  .         Spirit   .     (helmet restricted)
rElec  .         Reflect  .     i - +0 cloak (curse)
rCorr  .         Harm     .     (gloves currently unavailable)
MR     +....     Clarity  +     (no boots)
Stlth  +.........               B - amulet of regeneration (curse)
                                u - ring of protection from magic (curse)
                                h - +3 ring of strength (curse)

@: blade hands (expiring), drained
A: breathe steam, unfitting armour, cold-blooded, AC +8
a: Breathe Steam, End Transformation, Curse Item, Scrying, Transfer Knowledge,
Renounce Religion


You were on level 2 of the Orcish Mines.
You worshipped Ashenzari.
Ashenzari was extremely pleased with you.
You were hungry.
You had blades for hands.
You visited 4 branches of the dungeon, and saw 22 of its levels.

You collected 1722 gold pieces.
You spent 192 gold pieces at shops.

Inventory:

Hand Weapons
 b - a +0 blowgun
Missiles
 a - 253 arrows
 q - 76 poisoned needles
Armour
 i - a cursed +0 cloak (worn)
 t - a cursed +0 pair of gloves (melded)
Jewellery
 h - a cursed +3 ring of strength (left scythe-like blade)
 o - a +5 amulet of reflection
 s - an uncursed amulet of faith
 u - a cursed ring of protection from magic (right scythe-like blade)
 B - a cursed amulet of regeneration (around neck)
Wands
 l - a wand of random effects (34/48)
 M - a wand of heal wounds (3/9)
Scrolls
 e - a scroll of identify
 k - 5 scrolls of teleportation
 m - 7 scrolls of fog
 y - 5 scrolls of recharging
 F - 4 scrolls of remove curse
 H - 3 scrolls of magic mapping
Potions
 f - 3 potions of brilliance
 j - a potion of flight
 v - 3 potions of might
 w - 4 potions of agility
 A - a potion of cancellation
 J - a potion of resistance
Books
 g - a book of Clouds

   Spells                             Type                      Level
   a - Mephitic Cloud                 Conjuration/Poison/Air       3
   b - Conjure Flame                  Conjuration/Fire             3
   c - Poisonous Cloud                Conjuration/Poison/Air       6
   d - Freezing Cloud                 Conjuration/Ice/Air          6
   e - Ring of Flames                 Charms/Fire                  7
 r - Peidem's Compendium of Harmful Flight
   (You found it on level 12 of the Dungeon)

   Spells                             Type                      Level
   a - Magic Dart                     Conjuration                  1
   b - Shock                          Conjuration/Air              1
   c - Flame Tongue                   Conjuration/Fire             1
   d - Summon Lightning Spire         Summoning/Air                4
   e - Iskenderun's Battlesphere      Conjuration/Charms           5
   f - Spellforged Servitor           Conjuration/Summoning        7
Comestibles
 c - 9 bread rations
 d - a meat ration
 n - 22 chunks of flesh
 p - a beef jerky
 L - 9 royal jellies


   Skills:
 + Level 10.1(9.5) Fighting
 * Level 11.2(10.5) Dodging
 + Level 15.2(14.4) Unarmed Combat
 - Level 3.9(3.4) Spellcasting
 - Level 3.0(5.8) Translocations
 - Level 9.5(12.6) Transmutations
 - Level 3.5(6.5) Ice Magic


You had 4 spell levels left.
You knew the following spells:

 Your Spells              Type           Power        Failure   Level  Hunger
a - Beastly Appendage     Tmut           #####.       8%          1    None
b - Spider Form           Tmut/Pois      ####......   28%         3    ###....
c - Blade Hands           Tmut           #####.....   24%         5    ######.
d - Ice Form              Ice/Tmut       #####...     28%         4    ####...
e - Blink                 Tloc           N/A          21%         2    ##.....


Dungeon Overview and Level Annotations

Branches:
Dungeon (13/15)            Temple (1/1) D:5            Lair (6/6) D:11
  Swamp (0/4) Lair:4       Spider (0/4) Lair:3        Slime (0/5) Lair:5
    Orc (2/2) D:10         Vaults (0/5) D:13
    Elf: Orc:2

Altars:
Ashenzari
Cheibriados
Dithmenos
Elyvilon
Gozag
Hepliaklqana
Kikubaaqudgha
Makhleb
Nemelex Xobeh
Okawaru
Qazlal
Ru
Sif Muna
Trog
Uskayaw
Vehumet
Xom
Yredelemnul
Zin
The Shining One
Beogh
Jiyva

Shops:
D:6 ?

Annotations:
D:4 piz0's ghost, amateur MfTm
D:5 kwasso's ghost, novice HOFi
D:12 exclusion: 3 downstairs
D:13 Nessos; Rupert
Lair:2 exclusion: upstairs
Lair:4 2 exclusions
Lair:5 1 runed door, exclusion: 2 downstairs
Lair:6 loom's ghost, journeyman DECj


Innate Abilities, Weirdness & Mutations

You can breathe blasts of scalding, opaque steam.
Your pale cyan-grey scales are hard. (AC +8)
You cannot fit into any form of body armour.
You are cold-blooded and may be slowed by cold attacks.


Message History

Okay, then.
Okay, then.
Evoke which item? (* to show all) (? for menu, Esc to quit)
You have no means to grasp a wand firmly enough.
You feel better.
Your transformation is almost over.
The orc closely misses you. The warg bites you.
* * * LOW HITPOINT WARNING * * *
The orc warrior hits you from afar with a glaive.
* * * LOW HITPOINT WARNING * * *
The ice devil misses you.
The orc sorcerer hits you but does no damage.
You feel better.
The warg pauses to sniff the ground.
The warg closely misses you. The orc hits you but does no damage.
The orc sorcerer casts a spell at you. The bolt of negative energy misses you.
The ice devil barely misses you.
You feel better. The warg bites you but does no damage.
The orc warrior hits you from afar with a glaive!!
You die...

#######.....## #........
##.#.##.......# ##.......
##........#...# ##.......#
#(....#......# #....#.... #
##.†.)##....#### ##.......#
##.*###o)#......#.## ###.#(..#
#...#.........o....# ##.##)#.##
#.............oh.### #..(...##
**#............o@....###.....##
#...#..(.......4#....#(.[...#
....#......................##
,...{.........................#**
,..$...........................#
.............................#..
..............................#.
,................................
###..###.###.#######..######....


You could see an ice devil, a warg, an orc sorcerer, an orc warrior and an orc.

Vanquished Creatures
  The ghost of eXcel the Thaumaturge, a journeyman GrEE of Vehumet (Orc:2)
  The ghost of MudBrick the Cleaver, a journeyman HOBe of Trog (Lair:1)
  6 hydras
  Pikel (D:8)
  A hill giant (D:10)
  An orc knight (Orc:2)
  2 orc sorcerers
  A cyclops (Orc:2)
  Psyche (D:8)
  4 elephants (Lair:6)
  Joseph (D:7)
  3 black mambas
  Maurice (D:9)
  A gargoyle (D:11)
  11 spiny frogs
  2 rime drakes
  An ice devil (Lair:6)
  7 komodo dragons
  2 trolls
  A hornet (D:10)
  A polar bear (Lair:3)
  Prince Ribbit (D:7)
  A queen bee (D:8)
  A two-headed ogre (D:10)
  20 dream sheep
  11 blink frogs (Lair:6)
  7 hippogriffs
  27 yaks
  2 basilisks
  6 wargs
  3 swamp worms (Lair:4)
  4 porcupines
  10 water moccasins
  15 orc warriors
  2 ice beasts
  4 sky beasts
  3 phantoms
  3 black bears
  A necrophage (D:11)
  8 ogres
  8 wolves
  5 centaurs
  8 crocodiles
  A big kobold (D:8)
  17 bullfrogs
  A water moccasin zombie (D:5)
  4 scorpions
  24 killer bees
  7 wights (D:12)
  7 howler monkeys (D:9)
  2 crimson imps
  A quasit (D:9)
  2 bullfrog zombies
  2 centaur zombies
  2 jellies
  8 orc priests
  3 centaur skeletons
  5 hounds
  2 iguanas
  8 orc wizards
  10 worker ants
  A killer bee zombie (D:3)
  2 hound zombies
  2 hound skeletons
  6 gnolls
  8 adders
  An adder skeleton (D:5)
  2 worms
  A dart slug (D:2)
  5 leopard geckos
  52 orcs
  5 giant cockroaches
  5 goblins
  3 hobgoblins (D:1)
  3 jackals (D:6)
  3 quokkas
  A ball python (D:6)
  10 bats
  2 frilled lizards
  12 kobolds
  4 rats
434 creatures vanquished.

Vanquished Creatures (others)
  4 slaves (D:8)
  A killer bee (D:8)
  A jelly (D:8)
  A leopard gecko (D:6)
  23 fungi
  6 plants (Lair:6)
36 creatures vanquished.

Grand Total: 470 creatures vanquished

Notes
Turn   | Place    | Note
-------+----------+-------------------------------------------
     0 | D:1      | Morrissey the Draconian Transmuter began the quest for the Orb.
     0 | D:1      | Reached XP level 1. HP: 16/16 MP: 3/3
   289 | D:1      | Reached XP level 2. HP: 11/23 MP: 3/5
  1224 | D:2      | Reached XP level 3. HP: 20/28 MP: 4/6
  1236 | D:1      | Learned a level 3 spell: Spider Form
  1696 | D:2      | Reached skill level 4 in Unarmed Combat
  1703 | D:2      | Reached XP level 4. HP: 22/35 MP: 4/7
  2028 | D:3      | Found a roughly hewn altar of Beogh.
  2056 | D:3      | Reached XP level 5. HP: 21/40 MP: 5/8
  2504 | D:3      | Reached skill level 5 in Unarmed Combat
  2513 | D:3      | Found a sacrificial altar of Ru.
  2513 | D:3      | Found a hazy altar of Hepliaklqana.
  2519 | D:3      | Found a burning altar of Makhleb.
  2600 | D:3      | Found a shadowy altar of Dithmenos.
  3190 | D:4      | Noticed piz0's ghost (amateur MfTm)
  3210 | D:5      | Entered Level 5 of the Dungeon
  3218 | D:5      | Reached XP level 6. HP: 29/47 MP: 7/9
  3225 | D:5      | Learned a level 5 spell: Blade Hands
  3335 | D:5      | Found a hide-covered altar of Uskayaw.
  3372 | D:5      | Found a staircase to the Ecumenical Temple.
  3395 | Temple   | Entered the Ecumenical Temple
  3587 | Temple   | Became a worshipper of Ashenzari the Shackled
  3742 | D:5      | Reached skill level 6 in Unarmed Combat
  3964 | D:5      | Your scales start taking on a pale cyan-grey colour.
  3964 | D:5      | Reached XP level 7. HP: 26/52 MP: 10/10
  4392 | D:5      | Reached skill level 7 in Unarmed Combat
  4907 | D:5      | Noticed kwasso's ghost (novice HOFi)
  4990 | D:6      | Reached skill level 5 in Transmutations
  4990 | D:6      | Reached XP level 8. HP: 50/59 MP: 7/11
  5386 | D:6      | Reached skill level 8 in Unarmed Combat
  5605 | D:6      | Found Oshroi Hafue's Magic Scroll Emporium.
  5613 | D:6      | Reached skill level 5 in Dodging
  5638 | D:6      | Bought a scroll of identify for 22 gold pieces
  5638 | D:6      | Bought a scroll of teleportation for 33 gold pieces
  5638 | D:6      | Bought a scroll of remove curse for 33 gold pieces
  5638 | D:6      | Bought a scroll of enchant armour for 82 gold pieces
  5638 | D:6      | Bought a scroll of random uselessness for 11 gold pieces
  5638 | D:6      | Bought a scroll of noise for 11 gold pieces
  5982 | D:7      | Noticed Prince Ribbit
  6145 | D:7      | Reached skill level 9 in Unarmed Combat
  6152 | D:7      | Reached XP level 9. HP: 29/64 MP: 9/12
  6261 | D:7      | Noticed Joseph
  6282 | D:7      | Killed Joseph
  6560 | D:7      | Killed Prince Ribbit
  6807 | D:8      | Reached * piety under Ashenzari
  6807 | D:8      | Noticed Psyche
  6815 | D:8      | Killed Psyche
  6815 | D:8      | Reached skill level 10 in Unarmed Combat
  7094 | D:8      | Noticed Pikel
  7115 | D:8      | Killed Pikel
  7213 | D:8      | Reached XP level 10. HP: 59/71 MP: 15/15
  7403 | D:8      | Learned a level 4 spell: Ice Form
  7506 | D:8      | Reached skill level 1 in Ice Magic
  8099 | D:8      | Gained mutation: You regenerate slowly when monsters are visible. [potion of mutation]
  8099 | D:8      | Gained mutation: Your spells are a little easier to cast, but a little less powerful. [potion of mutation]
  8099 | D:8      | Gained mutation: Your flesh is cold resistant. (rC+) [potion of mutation]
  8100 | D:8      | Lost mutation: Your flesh is cold resistant. (rC+) [potion of cure mutation]
  8100 | D:8      | Lost mutation: You regenerate slowly when monsters are visible. [potion of cure mutation]
  8100 | D:8      | Lost mutation: Your spells are a little easier to cast, but a little less powerful. [potion of cure mutation]
  8288 | D:8      | Found a deep blue altar of Sif Muna.
  8479 | D:8      | Noticed an eight-headed hydra
  8486 | D:8      | Killed an eight-headed hydra
  8486 | D:8      | Reached skill level 11 in Unarmed Combat
  9149 | D:9      | Reached ** piety under Ashenzari
  9173 | D:9      | Found a basalt altar of Yredelemnul.
  9782 | D:10     | Entered Level 10 of the Dungeon
 10092 | D:10     | Noticed Maurice
 10142 | D:10     | Found a staircase to the Orcish Mines.
 10222 | D:9      | Killed Maurice
 10222 | D:9      | Reached XP level 11. HP: 76/77 MP: 13/16
 10312 | D:10     | Noticed a hill giant
 10324 | D:10     | Killed a hill giant
 10324 | D:10     | Reached skill level 12 in Unarmed Combat
 11093 | D:11     | Noticed a hill giant
 11324 | D:11     | Found a staircase to the Lair.
 11590 | Lair:1   | Entered Level 1 of the Lair of Beasts
 11644 | Lair:1   | Noticed a six-headed hydra
 11662 | Lair:1   | Killed a six-headed hydra
 11729 | Lair:1   | Noticed a seven-headed hydra
 11743 | Lair:1   | Noticed MudBrick's ghost (journeyman HOBe)
 11767 | Lair:2   | Reached *** piety under Ashenzari
 11939 | Lair:2   | Noticed an eight-headed hydra
 11949 | Lair:2   | Killed an eight-headed hydra
 12451 | Lair:3   | Learned a level 2 spell: Blink
 12492 | Lair:3   | HP: 3/98 [komodo dragon (23)]
 12493 | Lair:3   | Reached skill level 13 in Unarmed Combat
 12652 | Lair:3   | Found a hole to the Spider Nest.
 13048 | Lair:3   | Reached XP level 12. HP: 48/92 MP: 14/17
 13864 | Lair:4   | Reached skill level 5 in Fighting
 13955 | Lair:4   | Found a staircase to the Swamp.
 14267 | Lair:5   | Reached skill level 1 in Translocations
 14333 | Lair:5   | Noticed a six-headed hydra
 14344 | Lair:5   | Killed a six-headed hydra
 14600 | Lair:5   | Found a runed door.
 14640 | Lair:5   | Found a viscous altar of Jiyva.
 14660 | Lair:5   | Found a staircase to the Slime Pits.
 14660 | Lair:5   | Noticed an acid blob
 14660 | Lair:5   | Noticed an acid blob
 14665 | Lair:5   | Reached **** piety under Ashenzari
 15279 | Lair:1   | Killed MudBrick's ghost
 15537 | Lair:1   | Killed a seven-headed hydra
 16563 | D:12     | Identified Peidem's Compendium of Harmful Flight
 16854 | D:13     | Found a gate to the Vaults.
 16854 | D:13     | Noticed Rupert
 16854 | D:13     | Noticed Nessos
 17123 | Lair:6   | Entered Level 6 of the Lair of Beasts
 17345 | Lair:6   | Noticed a five-headed hydra
 17352 | Lair:5   | Reached skill level 14 in Unarmed Combat
 17446 | Lair:6   | Killed a five-headed hydra
 17567 | Lair:6   | Reached XP level 13. HP: 105/108 MP: 12/18
 17597 | Lair:6   | Found a glowing golden altar of the Shining One.
 17671 | Lair:6   | Reached skill level 10 in Dodging
 18035 | Lair:6   | Noticed loom's ghost (journeyman DECj)
 18506 | Lair:6   | Reached skill level 15 in Unarmed Combat
 18850 | Orc:1    | Entered Level 1 of the Orcish Mines
 18865 | Orc:1    | Found a roughly hewn altar of Beogh.
 19225 | Orc:2    | Entered Level 2 of the Orcish Mines
 19300 | Orc:2    | Noticed eXcel's ghost (journeyman GrEE)
 19317 | Orc:2    | Killed eXcel's ghost
 19317 | Orc:2    | Reached skill level 10 in Fighting
 19424 | Orc:2    | Reached ***** piety under Ashenzari
 19484 | Orc:2    | HP: 2/113 [orc warrior/glaive (13)]
 19487 | Orc:2    | Slain by an orc warrior

Skill      XL: |  1  2  3  4  5  6  7  8  9 10 11 12 13 |
---------------+----------------------------------------+-----
Dodging        | 2 3 4 5 6 7 8 9 11 | 11.2
Unarmed Combat | 4 5 6 7 9 10 11 13 14 15 | 15.2
Transmutations | 3 4 5 6 7 8 9 |  9.5
Spellcasting   | 3 |  3.9
Ice Magic      | 3 |  3.5
Fighting       | 4 8 10 | 10.1
Translocations | 3 |  3.0

Action                   |  1- 3 |  4- 6 |  7- 9 | 10-12 | 13-15 || total
-------------------------+-------+-------+-------+-------+-------++-------
Melee: Unarmed           |   110 |   103 |   263 |   706 |   270 ||  1452
       Tailslap          |     7 |     4 |    19 |    42 |    16 ||    88
       Kick              |     2 |     5 |     7 |       |       ||    14
       Headbutt          |     3 |     9 |     2 |       |       ||    14
       Punch             |     1 |     1 |     6 |    14 |     6 ||    28
 Fire: Blowgun           |       |     4 |     5 |       |       ||     9
 Cast: Beastly Appendage |     9 |     8 |     6 |       |       ||    23
       Spider Form       |     2 |     5 |    23 |    17 |       ||    47
       Blade Hands       |       |       |     1 |    14 |    13 ||    28
       Ice Form          |       |       |       |    34 |     7 ||    41
Invok: Curse Item        |       |     2 |     1 |     2 |       ||     5
 Abil: End Transformatio |       |       |     7 |    19 |     2 ||    28
       Breathe Steam     |       |       |     4 |    26 |     5 ||    35
Evoke: Wand              |       |       |       |     1 |       ||     1
  Use: Potion            |       |     2 |     2 |     6 |     7 ||    17
       Scroll            |       |     1 |     1 |    19 |     1 ||    22
 Stab: Sleeping          |       |     1 |       |     1 |       ||     2
  Eat: Chunk             |     3 |     9 |    13 |    35 |    13 ||    73
       Pizza             |       |       |       |     2 |       ||     2
       Meat ration       |       |       |       |     2 |       ||     2
       Beef jerky        |       |       |       |     1 |       ||     1
Armor: Skin              |    31 |    14 |    33 |   112 |    45 ||   235
Dodge: Dodged            |    74 |    78 |   191 |   486 |   192 ||  1021
